 Dungeon Crawl Stone Soup version 0.31.0-11-ge490571c62 (webtiles) character file.

Game seed: 5468512117734089001

2997180 SuperJoe the Slayer (level 23, 216/234 HPs)
             Began as a Minotaur Fighter on Feb 4, 2024.
             Was an Elder of Jiyva.
             Escaped with the Orb
             ... and 3 runes
             ... and 3 gems (2 intact)!
             The game lasted 03:14:35 (29233 turns).

SuperJoe the Slayer (Minotaur Fighter)             Turns: 29233, Time: 03:14:35

Health: 216/234    AC: 48    Str: 35    XL:     23   Next: 96%
Magic:  26/26      EV: 18    Int:  5    God:    Jiyva [****..]
Gold:   1720       SH: 25    Dex: 10    Spells: 22/22 levels left

rFire   . . .        S - +5 broad axe of the Original Sin {elec, rElec Str+4 Dex-4 SInv}
rCold   + . .        F - +4 tower shield {AC+3}
rNeg    . . .        R - +12 plate armour "Xuhoh" {Stlth+}
rPois   +            W - +2 hat
rElec   +            E - +2 cloak
rCorr   +            L - +2 pair of gloves
SInv    +            (boots unavailable)
Will    ++++.        m - amulet of the acrobat
Stlth   x              - ring "Ikuoroliwk" {Ice rPois rCorr Dex+3}
HPRegen 1.87/turn    U - ring of Ogabuidi {Will++ EV+5 Stlth-}
MPRegen 0.84/turn

%: acrobat, clarity
@: enlightened, flying
A: horns 2, retaliatory headbutt, claws 2, talons 3, iridescent scales 1,
clarity, fire resistance 1, high MP 2, mutation resistance 2, acidic bite,
gelatinous body 2, translucent skin 1, MP-powered wands, engulf
0: Orb of Zot
}: 3/15 runes: decaying, serpentine, slimy
a: Renounce Religion, Oozemancy, Slimify


You escaped.
You worshipped Jiyva.
Jiyva was greatly pleased with you.
You visited 9 branches of the dungeon, and saw 45 of its levels.
You also visited: Sewer, Bailey, Gauntlet and Ice Cave.

You collected 4054 gold pieces.
You spent 2334 gold pieces at shops.

Inventory:

Hand Weapons
 S - the +5 broad axe of the Original Sin (weapon) {elec, rElec Str+4 Dex-4 SInv}
   (You found it on level 5 of the Pits of Slime)

   Str+4:     It affects your strength (+4).
   Dex-4:     It affects your dexterity (-4).
   rElec:     It insulates you from electricity.
   SInv:      It lets you see invisible.
Missiles
 d - 4 curare-tipped darts
 B - 6 throwing nets
Armour
 l - a +0 pair of boots of rampaging
 E - a +2 cloak (worn)
 F - a +4 tower shield of protection (worn)
 L - a +2 pair of gloves (worn)
 R - the +12 plate armour "Xuhoh" (worn) {Stlth+}
   (You found it on level 2 of the Swamp)

   Stlth+:    It makes you more stealthy.
 W - a +2 hat (worn)
Jewellery
 e - a +5 ring of evasion
 m - an amulet of the acrobat (around neck)
 u - a +6 ring of strength
 x - the ring "Ikuoroliwk" (left hand) {Ice rPois rCorr Dex+3}
   (You found it on level 3 of the Depths)

   [ring of ice]

   Ice:       It enhances your ice magic.
   Dex+3:     It affects your dexterity (+3).
   rF-:       It makes you vulnerable to fire.
   rC+:       It protects you from cold.
   rPois:     It protects you from poison rCorr: It protects you from acid and
   corrosion.
 y - a ring of protection from fire
 D - a ring of poison resistance
 I - a ring of wizardry
 O - the ring of Lucidity {*Slow rF- Str+3 Dex+9 SInv}
   (You found it on level 5 of the Pits of Slime)

   [ring of see invisible]

   Str+3:     It affects your strength (+3).
   Dex+9:     It affects your dexterity (+9).
   rF-:       It makes you vulnerable to fire.
   SInv:      It lets you see invisible.
   *Slow:     It may slow you when you take damage.
 U - the ring of Ogabuidi (right hand) {Will++ EV+5 Stlth-}
   (You took it off a minotaur in a Gauntlet)

   [ring of evasion]

   EV+5:      It affects your evasion (+5).
   Will++:    It greatly increases your willpower.
   Stlth-:    It makes you less stealthy.
Wands
 p - a wand of mindburst (33)
 t - a wand of paralysis (8)
 M - a wand of roots (21)
 N - a wand of acid (7)
 X - a wand of polymorph (6)
 Z - a wand of digging (6)
Scrolls
 h - 3 scrolls of immolation
 i - 4 scrolls of torment
 j - 10 scrolls of teleportation
 s - 2 scrolls of fog
 v - 3 scrolls of fear
 z - 3 scrolls of poison
 H - a scroll of enchant weapon
 J - 4 scrolls of vulnerability
 Q - a scroll of butterflies
Potions
 a - 3 potions of mutation
 c - 3 potions of magic
 g - a potion of cancellation
 n - 2 potions of berserk rage
 o - 3 potions of attraction
 w - a potion of invisibility
 A - 14 potions of curing
 G - 2 potions of ambrosia
 K - 2 potions of brilliance
 V - 2 potions of enlightenment
Miscellaneous
 C - a tin of tremorstones (2/2)
 P - a lightning rod (4/4)
 T - a phantom mirror


   Skills:
 + Level 25.3 Fighting
 + Level 22.4(23.2) Axes
 - Level 10.5(17.8) Polearms
 + Level 17.3 Throwing
 + Level 20.4 Armour
 - Level 8.7 Dodging
 + Level 22.5 Shields
 - Level 11.2 Evocations


You had 22 spell levels left.
You didn't know any spells.
Your spell library contained the following spells:

 Spells                   Type           Power      Damage    Failure   Level
 Foxfire                  Conj/Fire      0%         2x1d4     92%         1
 Blink                    Tloc           0%         N/A       98%         2
 Cigotuvi's Dreadful Rot  Necr/Alch/Air  0%         N/A       98%         2
 Ensorcelled Hibernation  Hex/Ice        0%         N/A       98%         2
 Call Canine Familiar     Summ           0%         N/A       100%        3
 Dazzling Flash           Conj/Hex       0%         N/A       100%        3
 Mephitic Cloud           Conj/Alch/Air  0%         N/A       100%        3
 Passwall                 Erth           0%         N/A       100%        3
 Sigil of Binding         Hex            0%         N/A       100%        3
 Swiftness                Air            0%         N/A       100%        3
 Volatile Blastmotes      Fire/Tloc      0%         2d10      100%        3
 Brom's Barrelling Bould  Conj/Erth      0%         2d3       100%        4
 Cause Fear               Hex            0%         N/A       100%        4
 Dimensional Bullseye     Hex/Tloc       0%         N/A       100%        4
 Fulminant Prism          Conj/Alch      0%         3d5       100%        4
 Ignite Poison            Fire/Alch      0%         N/A       100%        4
 Iskenderun's Mystic Bla  Conj/Tloc      0%         2d3       100%        4
 Vhi's Electric Charge    Tloc/Air       0%         N/A       100%        4
 Arcjolt                  Conj/Air       0%         1d10      100%        5
 Curse of Agony           Necr           0%         N/A       100%        5
 Fireball                 Conj/Fire      0%         3d3       100%        5
 Freezing Cloud           Conj/Ice/Air   0%         6-21      100%        5
 Iskenderun's Battlesphe  Conj           0%         2d6       100%        5
 Metabolic Englaciation   Hex/Ice        0%         N/A       100%        5
 Silence                  Hex/Air        0%         N/A       100%        5
 Conjure Ball Lightning   Conj/Air       0%         3x3d6     100%        6
 Plasma Beam              Fire/Air       0%         2x1d10    100%        6
 Starburst                Conj/Fire      0%         6d3       100%        6
 Haunt                    Necr/Summ      0%         N/A       100%        7
 Orb of Destruction       Conj           0%         9d5       100%        7
 Borgnjor's Revivificati  Necr           0%         N/A       100%        8
 Discord                  Hex            0%         N/A       100%        8
 Disjunction              Tloc           0%         N/A       100%        8
 Maxwell's Capacitive Co  Air            0%         ∞         100%        8
 Chain Lightning          Conj/Air       0%         N/A       100%        9
 Polar Vortex             Ice            0%         N/A       100%        9


Dungeon Overview and Level Annotations

Branches:
Dungeon (15/15)            Temple (1/1) D:7            Lair (5/5) D:10
  Swamp (4/4) Lair:2        Snake (4/4) Lair:2        Slime (5/5) Lair:5
    Orc (2/2) D:12            Elf (0/3) Orc:2        Vaults (0/5) D:13
 Depths (4/4) D:15            Zot (5/5) Depths:4      Sewer (visited)
 Bailey (visited)           IceCv (visited)         Gauntlet (visited)

Altars:
Ashenzari
Cheibriados
Dithmenos
Elyvilon
Fedhas
Gozag
Hepliaklqana
Kikubaaqudgha
Makhleb
Nemelex Xobeh
Okawaru
Qazlal
Sif Muna
Trog
Uskayaw
Wu Jian
Xom
Yredelemnul
Zin
The Shining One
Jiyva

Shops:
D:8 [   D:12 :   Orc:2 :[[[[[   Snake:2 ??(?[   Depths:1 (=   Depths:2 :
Depths:4 !

Portals:
Hell: Lair:5 Depths:1 Depths:2 Depths:3 Depths:4
Abyss: Depths:1 Depths:2 Depths:3 Depths:4
Pandemonium: Depths:2
Ziggurat: Depths:4

Annotations:
D:4 Dowan, Duvessa
D:6 3 runed translucent doors, Consumeair16's ghost, novice GnFi
Lair:3 2 transporters, Befuwnopp's ghost, journeyman TrHu
Slime:5 Royal Jelly
Depths:1 4 transporters


Innate Abilities, Weirdness & Mutations

You have a pair of horns on your head.
You reflexively headbutt those who attack you in melee.
You have very sharp fingernails.
You have claws for feet.
You are partially covered in iridescent scales. (AC +2)
You possess an exceptional clarity of mind.
Your flesh is heat resistant. (rF+)
You have a considerably increased reservoir of magic. (+20% MP)
You are somewhat resistant to both further mutation and mutation removal.
You have acidic saliva.
Your pliable body absorbs attacks. (AC +2, EV +2)
Your translucent skin slightly reduces your foes' accuracy. (Stealth+)
You expend magic power (3 MP) to strengthen your wands.
Your melee attacks may engulf your foes in ooze.


Message History

There is an open door here.
There is a stone staircase leading up here.
You climb upwards.
A toenail golem comes into view.
There is a stone staircase leading down here.
An Orb Guardian comes into view.
The Orb Guardian moves out of view.
You see here 5 stones.
You feel very buoyant.
You fly up into the air.
You hear a series of splatters.
The Orb Guardian hits you!
The Orb Guardian attacks as it pursues you!
The Orb Guardian splashes around in the water.
The Orb Guardian attacks as it pursues you!
The Orb Guardian completely misses you. You furiously retaliate!
You headbutt the Orb Guardian!
The Orb Guardian attacks as it pursues you!
You block the Orb Guardian's attack. x2
You hear a distant slurping noise.
The Orb Guardian hits you!!
There is a staircase leading out of the dungeon, spattered with blood here.
You hit the Orb Guardian. You claw the Orb Guardian.
You bite the Orb Guardian, but do no damage.
The Orb Guardian is moderately wounded.
You block the Orb Guardian's attack.
You barely miss the Orb Guardian. Your kick misses the Orb Guardian.
You headbutt the Orb Guardian, but do no damage.
The Orb Guardian is moderately wounded.
The Orb Guardian barely misses you.
You slice the Orb Guardian!! Your kick misses the Orb Guardian.
Your headbutt misses the Orb Guardian.
The Orb Guardian is heavily wounded.
You block the Orb Guardian's attack.
You hear a distant slurping noise.
An Orb Guardian comes into view.
You slice the Orb Guardian like a ripe choko!!!
Lightning courses through the Orb Guardian!
You kill the Orb Guardian!
You have escaped!

#.#..#.# ##### #....#.# #...#
######.#####.#.##
##..............#
##....9......##..# ######
##....≈≈≈≈≈≈≈..#..########
.....###....≈≈.....≈≈....#...#...
.###...#...≈≈..♣....≈≈.......##..
.....#....≈≈..8.@....≈≈..........
.###.###..≈........8..≈....#.###.
.# #....#.≈.....♣.....≈....#.###.
.# ##...#.≈≈.X.......≈≈.....>#...
.# #...#..≈≈..8....≈≈....##.#.##
.# ##)###..≈≈.....≈≈........#.#
.# #.##....≈≈≈.≈≈≈...#.###.#.# .#
#....#...........##.###÷#.# .#
####.#..............#...#.#


You could see an Orb Guardian and a toenail golem.

Vanquished Creatures
  6 dread liches (Zot:5)
  6 ancient liches (Zot:5)
  5 orbs of fire (Zot:5)
  A pandemonium lord (Depths:4)
  2 juggernauts (Depths:3)
  3 Killer Klowns
  Vv (Depths:3)
  Vashnia (Snake:3)
  A curse toe (Zot:5)
  Nikola (Snake:2)
  12 golden dragons
  A Brimstone Fiend (D:4)
  A bone dragon (Depths:2)
  2 electric golems (Zot:5)
  16 tentacled monstrosities
  26 Orb Guardians
  2 liches
  2 walking earthen tomes (Depths:3)
  2 titans (Depths:3)
  15 quicksilver dragons
  4 sphinxes
  2 walking divine tomes (Depths:3)
  5 death cobs
  A thorn hunter (Swamp:4)
  8 storm dragons
  Kirke (D:12)
  Roxanne (D:15)
  Donald (Snake:3)
  2 tengu reavers (Depths:3)
  13 draconian monks
  8 shadow dragons
  3 nagarajas
  2 protean progenitors (Zot:1)
  6 draconian knights
  A deep elf sorcerer (Depths:1)
  2 iron dragons
  8 draconian shifters
  3 hydra zombies (Swamp:4)
  3 frost giants (Depths:3)
  8 fire giants
  4 ghost moths
  7 draconian scorchers
  6 spriggan defenders
  3 ghouls
  7 draconian stormcallers
  5 draconian annihilators
  12 stone giants
  3 juggernaut skeletons (Depths:2)
  3 caustic shrike skeletons (Depths:2)
  2 cacodemons
  27 very ugly things
  7 grey draconians
  3 vampire knights
  12 green draconians
  14 black draconians
  10 white draconians
  A demonspawn black sun (D:11)
  4 bunyips
  An eleionoma (Swamp:4)
  Nessos (D:12)
  8 yellow draconians
  21 purple draconians
  Azrael (Snake:3)
  10 red draconians
  7 spark wasps
  A minotaur (Gauntlet)
  A merfolk javelineer (Depths:4)
  7 ettins
  A merfolk impaler (Depths:4)
  9 fire dragons
  3 shambling mangroves
  Harold (Lair:1)
  3 rakshasas
  A hell beast (Zot:1)
  9 ice dragons
  2 catoblepae
  6 spriggan air magi
  2 salamander tyrants (Snake:4)
  15 hydras
  3 alligators
  3 ogre magi
  11 two-headed ogres
  5 deep troll shamans
  7 anacondas (Snake:4)
  A centaur warrior (D:14)
  A death knight (D:13)
  4 tengu warriors
  5 boulder beetles
  12 naga warriors
  2 sphinx skeletons (Depths:2)
  3 vampire magi
  11 deep troll earth magi
  A shock serpent (shapeshifter) (Depths:3)
  7 death yaks
  22 naga sharpshooters
  3 orc high priests (Orc:2)
  7 spriggan berserkers
  Nergalle (Lair:1)
  Sonja (D:10)
  2 soul eaters
  12 shock serpents
  3 occultists
  A skyshark (Lair:5)
  23 skeletal warriors
  2 storm dragon skeletons (Depths:2)
  3 salamander mystics
  4 goliath frogs (Swamp:2)
  2 sixfirhies (D:6)
  3 death drakes (Depths:4)
  4 spriggan druids (Swamp:4)
  8 iron trolls
  20 deep trolls
  2 bog bodies (IceCv)
  A golden dragon skeleton (Depths:2)
  15 mana vipers
  A flayed ghost (Swamp:4)
  An arcanist (Lair:5)
  An obsidian statue (Zot:5)
  6 spectral hydras (Swamp:4)
  10 swamp dragons
  4 lindwurms (Snake:4)
  A necromancer (D:15)
  Pikel (D:6)
  4 naga ritualists
  A deep elf zephyrmancer (D:15)
  5 orc knights
  2 deep elf pyromancers
  3 tengu skeletons (Depths:2)
  18 salamanders
  2 will-o-the-wisps
  29 ugly things
  A shadow dragon skeleton (Depths:2)
  3 oklob plants (Swamp:4)
  8 manticores
  3 cyclopes
  16 moths of wrath
  3 orc sorcerers
  7 elephants
  An iron dragon skeleton (Depths:2)
  A meliai (D:11)
  Joseph (D:10)
  3 frost giant skeletons (Depths:2)
  A centaur zombie (D:15)
  6 kobold blastminers (Orc:2)
  Maurice (D:11)
  10 cane toads
  An ice statue (IceCv)
  39 black mambas
  A rust devil (Zot:1)
  3 fire giant skeletons (Depths:2)
  10 guardian serpents
  2 smoke demons
  15 naga magi
  A gargoyle (D:11)
  2 centaur skeletons (D:15)
  A yaktaur (D:15)
  3 orange demons (Lair:5)
  3 torpor snails
  3 efreet
  10 komodo dragons
  A kobold demonologist (D:12)
  4 ice devils
  7 rime drakes
  4 freezing wraiths
  3 tengu conjurers
  22 hornets
  4 trolls
  5 tyrant leeches
  A polar bear (Lair:5)
  A hydra skeleton (Swamp:4)
  18 blink frogs
  A meliai zombie (D:15)
  A vampire (D:11)
  4 wraiths
  A dire elephant simulacrum (IceCv)
  9 spriggans
  2 wyverns
  9 fire elementals
  A ynoxinul (D:4)
  3 hogs (D:12)
  4 fire bats (Lair:3)
  2 basilisks
  47 yaks
  A warg (Orc:2)
  A death yak simulacrum (IceCv)
  6 vampire mosquitoes
  A steam dragon (D:6)
  2 harpy simulacra (IceCv)
  11 swamp worms
  3 acid dragons
  45 nagas
  20 water moccasins
  2 hydra simulacra (IceCv)
  2 glowing shapeshifter skeletons (Depths:2)
  2 human skeletons (Depths:2)
  19 orc warriors
  6 swamp drakes
  8 hell hounds
  An ice beast (D:6)
  3 black bears
  3 swamp dragon zombies (Swamp:4)
  7 laughing skulls (Depths:2)
  22 wolves
  14 centaurs
  3 lemures (D:6)
  4 ogres
  2 kobold brigands
  13 bullfrogs
  2 gnoll sergeants
  5 two-headed ogre simulacra (IceCv)
  4 cane toad simulacra (IceCv)
  2 wights (D:7)
  A hornet simulacrum (D:15)
  7 killer bees
  3 elephant simulacra (IceCv)
  7 howler monkeys
  2 electric eels
  3 lava snakes (Lair:2)
  2 jellies
  A bombardier beetle (D:6)
  7 hounds
  12 orc priests
  2 iguanas (D:7)
  Crazy Yiuf (D:7)
  A gnoll bouda (D:8)
  2 sleepcaps (D:7)
  Ijyb (D:4)
  28 orc wizards
  7 spriggan simulacra (IceCv)
  2 polar bear simulacra (IceCv)
  3 troll simulacra (IceCv)
  3 wolf simulacra (IceCv)
  7 gnolls
  4 naga simulacra (IceCv)
  3 swamp drake zombies (Swamp:4)
  15 adders
  A river rat (Sewer)
  A swamp drake skeleton (Swamp:4)
  3 white imps
  9 ufetubi
  2 dart slugs (D:1)
  A ribbon worm (D:3)
  88 orcs
  12 endoplasms
  6 giant cockroaches
  8 goblins
  6 hobgoblins
  7 jackals
  6 kobolds
  A quokka (D:1)
  6 ball pythons
  6 bats
  4 frilled lizards
  10 rats
1560 creatures vanquished.

Vanquished Creatures (collateral kills)
  2 curse toes
  A fire dragon (Lair:3)
  A deep troll shaman (Depths:3)
  A rime drake (Lair:4)
  A hydra zombie (Swamp:4)
  A wolf (Lair:3)
7 creatures vanquished.

Vanquished Creatures (others)
  An Executioner (Zot:5)
  A tengu reaver (Depths:3)
  A purple draconian (Zot:3)
  A red draconian (Zot:1)
  An ettin (Orc:2)
  A glowing orange brain (Depths:3)
  An orc high priest (Orc:2)
  A mana viper (Snake:2)
  A deep elf pyromancer (D:14)
  An orc sorcerer (Orc:2)
  A shining eye (Zot:1)
  A moth of wrath (Zot:1)
  6 slime creatures
  2 trolls (D:11)
  A bloated husk (Swamp:2)
  A shadow (D:13)
  A vampire (D:12)
  7 vampire mosquitoes
  3 water moccasins (Lair:5)
  An acid dragon (D:12)
  An orc warrior (Bailey)
  2 centaurs (Bailey)
  2 bullfrogs
  144 jellies
  A howler monkey (D:8)
  A hound (D:7)
  An orc priest (Orc:2)
  An iguana (D:6)
  3 orc wizards
  An adder (D:6)
  A white imp (D:8)
  An ufetubus (IceCv)
  12 orcs
  A ball python (Sewer)
  A frilled lizard (Sewer)
  A rat (D:3)
  A butterfly (D:7)
  5 foxfires
214 creatures vanquished.

Grand Total: 1781 creatures vanquished

Notes
Turn   | Place    | Note
-------+----------+-------------------------------------------
     0 | D:1      | SuperJoe the Minotaur Fighter began the quest for the Orb.
     0 | D:1      | Reached XP level 1. HP: 19/19 MP: 0/0
    61 | D:1      | Reached XP level 2. HP: 27/27 MP: 1/1
   219 | D:1      | Reached skill level 4 in Fighting
   284 | D:1      | Reached XP level 3. HP: 26/33 MP: 2/2
   753 | D:2      | Identified the +5 ring mail of Happiness {^Contam Rampage
                  | rElec Regen+}
  1179 | D:3      | Found a shadowy altar of Dithmenos.
  1197 | D:3      | Reached XP level 4. HP: 38/40 MP: 3/3
  1298 | D:3      | Found a glowing drain.
  1302 | Sewer    | Entered a sewer
  1391 | Sewer    | Reached XP level 5. HP: 44/47 MP: 4/4
  1416 | Sewer    | Reached skill level 5 in Axes
  1432 | Sewer    | Found a viscous altar of Jiyva.
  1443 | Sewer    | Became a worshipper of Jiyva Jaogey the Shapeless
  1542 | D:3      | Reached skill level 5 in Fighting
  1612 | D:3      | Reached skill level 5 in Armour
  1702 | D:4      | Reached XP level 6. HP: 56/56 MP: 5/5
  1754 | D:4      | Reached * piety under Jiyva
  1773 | D:4      | Noticed Ijyb
  1782 | D:4      | Paralysed by Ijyb for 4 turns
  1786 | D:4      | Killed Ijyb
  1907 | D:4      | Found an opulent altar of Gozag.
  1910 | D:4      | Noticed Duvessa
  1910 | D:4      | Noticed Dowan
  2028 | D:5      | Entered Level 5 of the Dungeon
  2206 | D:5      | Reached ** piety under Jiyva
  2497 | D:5      | Found a blossoming altar of Fedhas.
  2670 | D:6      | Noticed a steam dragon
  2677 | D:6      | Killed a steam dragon
  2678 | D:6      | Reached skill level 6 in Fighting
  2678 | D:6      | Reached XP level 7. HP: 11/63 MP: 6/6
  2989 | D:6      | Reached skill level 7 in Fighting
  3038 | D:6      | Noticed Pikel
  3055 | D:6      | Killed Pikel
  3056 | D:6      | Reached skill level 10 in Axes
  3056 | D:6      | Reached XP level 8. HP: 66/74 MP: 7/7
  3112 | D:6      | Reached skill level 8 in Fighting
  3190 | D:6      | Reached *** piety under Jiyva
  3197 | D:6      | Found a runed translucent gate.
  3197 | D:6      | Found a runed translucent gate.
  3197 | D:6      | Found a runed translucent gate.
  3197 | D:6      | Noticed Consumeair16's ghost (novice GnFi)
  3197 | D:6      | Noticed a kobold demonologist
  3283 | D:7      | Killed a slime creature
  3339 | D:7      | Found a staircase to the Ecumenical Temple.
  3353 | Temple   | Entered the Ecumenical Temple
  3378 | D:7      | Gained mutation: You expend magic power (3 MP) to
                  | strengthen your wands. [Jiyva's grace]
  3378 | D:7      | Gained mutation: Your rubbery body absorbs attacks. (AC +1,
                  | EV +1) [Jiyva's grace]
  3378 | D:7      | Gained mutation: Your pliable body absorbs attacks. (AC +2,
                  | EV +2) [Jiyva's grace]
  3378 | D:7      | Gained mutation: Your gelatinous body deflects attacks. (AC
                  | +3, EV +3) [Jiyva's grace]
  3378 | D:7      | Found a burning altar of Makhleb.
  3394 | D:7      | Reached XP level 9. HP: 74/82 MP: 8/8
  3525 | D:7      | Reached skill level 9 in Fighting
  3555 | D:7      | Noticed a boulder beetle
  3596 | D:7      | Killed a boulder beetle
  3600 | D:7      | Noticed a komodo dragon
  3613 | D:7      | Killed a komodo dragon
  3614 | D:7      | Reached skill level 10 in Fighting
  3654 | D:7      | Noticed a manticore
  3656 | D:7      | Noticed a six-headed hydra
  3669 | D:7      | Killed a six-headed hydra
  3670 | D:7      | Reached XP level 10. HP: 43/94 MP: 1/9
  3670 | D:7      | Killed a manticore
  3731 | D:7      | Found a shimmering altar of Xom.
  3880 | D:7      | Found a runed translucent door.
  3881 | D:7      | Noticed Crazy Yiuf
  3887 | D:7      | Killed Crazy Yiuf
  4180 | D:8      | Found a transporter.
  4180 | D:8      | Noticed a boulder beetle
  4181 | D:8      | Found a transporter.
  4241 | D:8      | Found a flagged portal.
  4249 | D:8      | Identified the +6 halberd of Expedience {drain, rCorr SInv}
  4277 | Bailey   | Entered a bailey
  4305 | Bailey   | Reached skill level 11 in Fighting
  4530 | Bailey   | Reached skill level 15 in Axes
  4698 | Bailey   | Got the Secrets of the Ten Portals
  4868 | D:8      | Reached **** piety under Jiyva
  5208 | D:8      | Found Asteic's Antique Armour Emporium.
  5216 | D:8      | Bought a kite shield for 121 gold pieces
  5216 | D:8      | Bought a shimmering scale mail for 243 gold pieces
  5216 | D:8      | Identified the +1 scale mail of the Enchanted Forest {rF++
                  | Will- Regen+ Int-4} (You bought it in a shop on level 8 of
                  | the Dungeon)
  5495 | D:9      | Gained mutation: You have very sharp teeth. [Jiyva's grace]
  5495 | D:9      | Gained mutation: You have extremely sharp teeth. [Jiyva's
                  | grace]
  5495 | D:9      | Gained mutation: You have razor-sharp teeth. [Jiyva's
                  | grace]
  5495 | D:9      | Gained mutation: Your mind is acute. (Int +4, Str/Dex -1)
                  | [Jiyva's grace]
  5558 | D:9      | Reached skill level 12 in Fighting
  5652 | D:9      | Reached ***** piety under Jiyva
  5708 | D:10     | Entered Level 10 of the Dungeon
  5710 | D:10     | Noticed a two-headed ogre
  5714 | D:10     | Killed a two-headed ogre
  5715 | D:10     | Reached XP level 11. HP: 92/105 MP: 10/10
  5768 | D:10     | Reached skill level 1 in Polearms
  5772 | D:10     | Reached skill level 1 in Evocations
  5818 | D:10     | Found a staircase to the Lair.
  5836 | Lair:1   | Entered Level 1 of the Lair of Beasts
  6114 | Lair:1   | Reached skill level 5 in Shields
  6176 | Lair:1   | Noticed Harold
  6192 | Lair:1   | Killed Harold
  6193 | Lair:1   | Reached skill level 13 in Fighting
  6983 | Lair:2   | Reached skill level 5 in Polearms
  6996 | Lair:2   | Reached XP level 12. HP: 114/115 MP: 11/11
  7007 | Lair:2   | Identified the +3 demon whip of Unreason {venom, ^Fragile
                  | rPois rC++ Int+3}
  7092 | Lair:2   | Noticed a seven-headed hydra
  7154 | Lair:1   | Killed a 15-headed hydra
  7183 | Lair:2   | Noticed a four-headed hydra
  7187 | Lair:2   | Killed a six-headed hydra
  7228 | Lair:2   | Noticed an eight-headed hydra
  7239 | Lair:2   | Killed a 12-headed hydra
  7254 | Lair:2   | Lost mutation: You have razor-sharp teeth. [Jiyva's grace]
  7254 | Lair:2   | Lost mutation: Your mind is acute. (Int +4, Str/Dex -1)
                  | [Jiyva's grace]
  7254 | Lair:2   | Gained mutation: You have a small jelly attached to you
                  | that may absorb projectiles. [Jiyva's grace]
  7254 | Lair:2   | Gained mutation: You have acidic saliva. [Jiyva's grace]
  7254 | Lair:2   | Gained mutation: Your movements are slightly less
                  | encumbered by armour. (ER -2) [Jiyva's grace]
  7254 | Lair:2   | Gained mutation: Your movements are less encumbered by
                  | armour. (ER -4) [Jiyva's grace]
  7334 | Lair:2   | Reached skill level 5 in Evocations
  7379 | Lair:2   | Noticed a death yak
  7382 | Lair:2   | Noticed a death yak
  7384 | Lair:2   | Killed a death yak
  7385 | Lair:2   | Noticed a death yak
  7388 | Lair:2   | Noticed a death yak
  7389 | Lair:2   | Killed a death yak
  7390 | Lair:2   | Reached skill level 14 in Fighting
  7391 | Lair:2   | Noticed a death yak
  7396 | Lair:2   | Killed a death yak
  7399 | Lair:2   | Noticed a death yak
  7402 | Lair:2   | Killed a death yak
  7408 | Lair:2   | Killed a death yak
  7419 | Lair:2   | Killed a death yak
  7737 | Lair:2   | Found a staircase to the Swamp.
  7825 | Lair:2   | Found a staircase to the Snake Pit.
  8094 | Lair:3   | Reached XP level 13. HP: 125/125 MP: 12/12
  8108 | Lair:3   | Reached ****** piety under Jiyva
  8159 | Lair:3   | Found a transporter.
  8232 | Lair:3   | Noticed a fire dragon
  8243 | Lair:3   | Killed a fire dragon
  8390 | Lair:3   | Noticed Befuwnopp's ghost (journeyman TrHu)
  8391 | Lair:3   | Found a transporter.
  8594 | Lair:4   | Reached skill level 15 in Fighting
  8727 | Lair:4   | Found a frozen archway.
  8746 | IceCv    | Entered an ice cave
  9281 | IceCv    | Identified the amulet "Janaus" {Spirit Dex+2}
  9504 | Lair:5   | Entered Level 5 of the Lair of Beasts
  9558 | Lair:5   | Reached skill level 10 in Polearms
  9689 | Lair:5   | Reached skill level 10 in Evocations
  9775 | Lair:5   | Reached XP level 14. HP: 73/136 MP: 13/13
  9840 | Lair:5   | Found a staircase to the Slime Pits.
  9857 | Slime:1  | Entered Level 1 of the Pits of Slime
  9868 | Slime:2  | Noticed an acid blob
  9868 | Slime:2  | Noticed a quicksilver ooze
  9872 | Slime:2  | Noticed an azure jelly
  9875 | Slime:3  | Noticed an azure jelly
  9876 | Slime:3  | Noticed an acid blob
  9885 | Slime:4  | Noticed a quicksilver ooze
  9886 | Slime:4  | Noticed a quicksilver ooze
  9892 | Slime:5  | Entered Level 5 of the Pits of Slime
  9905 | Slime:5  | Noticed an acid blob
  9906 | Slime:5  | Noticed an acid blob
  9906 | Slime:5  | Noticed an acid blob
  9906 | Slime:5  | Noticed the Royal Jelly
  9907 | Slime:5  | Found the +27 heavy crossbow "Sniper" {heavy, Acc+∞ SInv}
  9907 | Slime:5  | Noticed an acid blob
  9912 | Slime:5  | Noticed an acid blob
  9915 | Slime:5  | Found the +8 Vampire's Tooth {megavamp}
  9917 | Slime:5  | Noticed an acid blob
  9919 | Slime:5  | Noticed a formless jellyfish
  9921 | Slime:5  | Found a viscous altar of Jiyva.
  9926 | Slime:5  | Got a starry gem with 533 turns to spare
  9928 | Slime:5  | Got a slimy rune of Zot
  9932 | Slime:5  | Noticed an acid blob
  9934 | Slime:5  | Noticed a quicksilver ooze
  9936 | Slime:5  | Identified the ring of Lucidity {*Slow rF- Str+3 Dex+9
                  | SInv}
  9939 | Slime:5  | Got Juuz's Precepts of Position
  9949 | Slime:5  | Identified the +0 quarterstaff of the Abyss {freeze, rN+
                  | Str+4 Stlth+}
  9957 | Slime:5  | Identified the staff "Vomudenu" {rElec rN+ Int+3 Dex-5
                  | Necro Air}
  9965 | Slime:5  | Identified the +1 great sword of Prescription {vamp, *Noise
                  | rN++}
  9977 | Slime:5  | Identified the staff of the Wilderness {rN+ Dex+3 Earth}
  9978 | Slime:5  | Identified the +5 broad axe of the Original Sin {elec,
                  | rElec Str+4 Dex-4 SInv}
  9987 | Slime:5  | Identified the +5 morningstar "Beetleslayer" {drain, MP+9}
 10020 | Slime:5  | Noticed an acid blob
 10038 | Slime:5  | Noticed an acid blob
 10067 | Slime:5  | Noticed an acid blob
 10145 | Slime:5  | Noticed an acid blob
 10363 | Slime:5  | Noticed an acid blob
 10458 | Slime:1  | Lost the starry gem through the power of Zot.
 10490 | Slime:1  | Noticed an azure jelly
 10497 | Slime:1  | Noticed a rockslime
 10662 | Lair:5   | Lost mutation: You have extremely sharp teeth. [Jiyva's
                  | grace]
 10662 | Lair:5   | Lost mutation: You have very sharp teeth. [Jiyva's grace]
 10662 | Lair:5   | Lost mutation: Your gelatinous body deflects attacks. (AC
                  | +3, EV +3) [Jiyva's grace]
 10662 | Lair:5   | Lost mutation: You have a small jelly attached to you that
                  | may absorb projectiles. [Jiyva's grace]
 10662 | Lair:5   | Gained mutation: You are partially covered in iridescent
                  | scales. (AC +2) [Jiyva's grace]
 10662 | Lair:5   | Gained mutation: You are mostly covered in iridescent
                  | scales. (AC +4) [Jiyva's grace]
 10662 | Lair:5   | Gained mutation: You are completely covered in iridescent
                  | scales. (AC +6) [Jiyva's grace]
 10662 | Lair:5   | Gained mutation: You have supernaturally acute eyesight.
                  | (SInv) [Jiyva's grace]
 10723 | Lair:5   | Reached skill level 16 in Fighting
 11050 | Lair:5   | Found a burning altar of Makhleb.
 11063 | Lair:5   | Found a gateway to Hell.
 11071 | Lair:5   | Got the Directory of Hail and Pyromania
 11173 | Snake:1  | Entered Level 1 of the Snake Pit
 11691 | Snake:1  | Reached skill level 10 in Shields
 11758 | Snake:1  | Identified the +2 flail of the Inviting Viper {flame, rPois
                  | Int+6}
 11925 | Snake:2  | Found Kyeq Yxu's Antique Armour Boutique.
 11955 | Snake:2  | Bought a runed hat for 245 gold pieces
 11960 | Snake:2  | Bought a distressingly furry scale mail for 315 gold pieces
 11960 | Snake:2  | Identified the +1 scale mail of the Northern Lights {rF+++
                  | rN++ Regen+ Dex-2} (You bought it in a shop on level 2 of
                  | the Snake Pit)
 11960 | Snake:2  | Bought a transparent scale mail for 315 gold pieces
 11960 | Snake:2  | Identified the +3 scale mail of the Unbroken {rF+ Dex+2}
                  | (You bought it in a shop on level 2 of the Snake Pit)
 11987 | Snake:2  | Noticed a nagaraja
 11996 | Snake:2  | Killed a nagaraja
 12027 | Snake:2  | Reached skill level 1 in Dodging
 12030 | Snake:2  | Reached skill level 1 in Throwing
 12050 | Snake:2  | Found Qoextuxo's Magic Scroll Boutique.
 12086 | Snake:2  | Bought a scroll of blinking for 90 gold pieces
 12220 | Snake:2  | Noticed Nikola
 12228 | Snake:2  | Killed Nikola
 12229 | Snake:2  | Reached XP level 15. HP: 103/146 MP: 14/14
 12270 | Snake:2  | Found Bouruuvi's Magic Scroll Emporium.
 12334 | Snake:2  | Reached skill level 17 in Fighting
 12427 | Snake:2  | Found Alli's Magic Scroll Emporium.
 12498 | Snake:2  | Gained mutation: You have a small jelly attached to you
                  | that may absorb projectiles. [Jiyva's grace]
 12498 | Snake:2  | Gained mutation: You are covered in slimy tendrils that may
                  | disarm your opponents. [Jiyva's grace]
 12498 | Snake:2  | Gained mutation: You passively dampen the noise of your
                  | surroundings. [Jiyva's grace]
 12498 | Snake:2  | Gained mutation: You possess an exceptional clarity of
                  | mind. [Jiyva's grace]
 12585 | Snake:2  | Noticed a nagaraja
 12591 | Snake:2  | Killed a nagaraja
 12610 | Snake:2  | Found Axiz's Antique Weapon Emporium.
 12789 | Snake:3  | Noticed Azrael
 12803 | Snake:3  | Killed Azrael
 12920 | Snake:3  | Reached skill level 5 in Dodging
 13062 | Snake:3  | Noticed Vashnia
 13087 | Snake:3  | Killed Vashnia
 13191 | Snake:3  | Reached skill level 5 in Throwing
 13382 | Snake:4  | Entered Level 4 of the Snake Pit
 13393 | Snake:4  | Noticed Donald
 13409 | Snake:3  | Killed Donald
 13583 | Snake:4  | Reached skill level 18 in Fighting
 13767 | Snake:4  | Reached XP level 16. HP: 157/157 MP: 15/15
 14501 | Snake:4  | Got a serpentine rune of Zot
 14682 | Snake:2  | Bought a scroll of revelation for 90 gold pieces
 14682 | Snake:2  | Bought a scroll of revelation for 90 gold pieces
 14682 | Snake:2  | Bought a scroll of enchant armour for 90 gold pieces
 14761 | Lair:1   | Noticed Nergalle
 14770 | Lair:1   | Killed Nergalle
 14823 | D:10     | Noticed Joseph
 14826 | D:10     | Paralysed by Joseph for 2 turns
 14833 | D:10     | Killed Joseph
 14853 | D:11     | You fall into a shaft and drop 3 floors!
 14892 | D:15     | Entered Level 15 of the Dungeon
 14970 | D:15     | Noticed Roxanne
 15136 | D:15     | Found a staircase to the Depths.
 15180 | D:15     | Got a smoky gem with 3476 turns to spare
 15248 | D:15     | Lost mutation: Your pliable body absorbs attacks. (AC +2,
                  | EV +2) [Jiyva's grace]
 15248 | D:15     | Lost mutation: You passively dampen the noise of your
                  | surroundings. [Jiyva's grace]
 15248 | D:15     | Gained mutation: Your flesh is heat resistant. (rF+)
                  | [Jiyva's grace]
 15248 | D:15     | Gained mutation: Your flesh is very heat resistant. (rF++)
                  | [Jiyva's grace]
 15248 | D:15     | Gained mutation: Your flesh is almost immune to the effects
                  | of heat. (rF+++) [Jiyva's grace]
 15248 | D:15     | Gained mutation: You are strong-willed. (Will+) [Jiyva's
                  | grace]
 15416 | D:15     | Found a white marble altar of Elyvilon.
 15508 | D:15     | Killed Roxanne
 15563 | D:14     | Reached skill level 10 in Armour
 15571 | D:14     | Found an opulent altar of Gozag.
 16095 | D:13     | Reached skill level 19 in Fighting
 16128 | D:13     | Found a gate leading to a gauntlet.
 16138 | Gauntlet | Entered a Gauntlet
 16138 | Gauntlet | Found a large runed translucent door.
 16138 | Gauntlet | Found a large runed translucent door.
 16138 | Gauntlet | Found a large runed translucent door.
 16138 | Gauntlet | Found a large runed translucent door.
 16138 | Gauntlet | Found a runed translucent door.
 16138 | Gauntlet | Found a large runed translucent door.
 16138 | Gauntlet | Found a large runed translucent door.
 16138 | Gauntlet | Found a transporter.
 16138 | Gauntlet | Found a transporter.
 16138 | Gauntlet | Found a large runed translucent door.
 16138 | Gauntlet | Found a large runed translucent door.
 16138 | Gauntlet | Found a runed translucent gate.
 16138 | Gauntlet | Found a runed translucent gate.
 16138 | Gauntlet | Found a transporter.
 16139 | Gauntlet | Found a transporter.
 16142 | Gauntlet | Found a transporter.
 16143 | Gauntlet | Found a runed translucent gate.
 16143 | Gauntlet | Found a runed translucent door.
 16147 | Gauntlet | Found a large runed translucent door.
 16147 | Gauntlet | Found a large runed translucent door.
 16152 | Gauntlet | Found a transporter.
 16160 | Gauntlet | Found a transporter.
 16161 | Gauntlet | Lost mutation: You are completely covered in iridescent
                  | scales. (AC +6) [Jiyva's grace]
 16161 | Gauntlet | Lost mutation: You have acidic saliva. [Jiyva's grace]
 16161 | Gauntlet | Lost mutation: You are covered in slimy tendrils that may
                  | disarm your opponents. [Jiyva's grace]
 16161 | Gauntlet | Lost mutation: You have a small jelly attached to you that
                  | may absorb projectiles. [Jiyva's grace]
 16161 | Gauntlet | Gained mutation: You have a pair of large horns on your
                  | head. [Jiyva's grace]
 16161 | Gauntlet | Gained mutation: Your melee attacks may engulf your foes in
                  | ooze. [Jiyva's grace]
 16161 | Gauntlet | Gained mutation: Your movements are significantly less
                  | encumbered by armour. (ER -6) [Jiyva's grace]
 16161 | Gauntlet | Gained mutation: You have acidic saliva. [Jiyva's grace]
 16212 | Gauntlet | Found a large runed translucent door.
 16212 | Gauntlet | Found a large runed translucent door.
 16213 | Gauntlet | Found a large runed translucent door.
 16213 | Gauntlet | Found a large runed translucent door.
 16214 | Gauntlet | Found a large runed translucent door.
 16214 | Gauntlet | Found a large runed translucent door.
 16218 | Gauntlet | Found a transporter.
 16228 | Gauntlet | Found a transporter.
 16243 | Gauntlet | Found a transporter.
 16255 | Gauntlet | Found a transporter.
 16268 | Gauntlet | Found a transporter.
 16392 | Gauntlet | Identified the ring of Equilibrium {Int+6 Dex+3}
 16410 | Gauntlet | Identified the ring of Ogabuidi {Will++ EV+5 Stlth-}
 16415 | Gauntlet | Reached XP level 17. HP: 122/168 MP: 16/16
 16646 | D:13     | Found a gate to the Vaults.
 17003 | D:12     | Noticed Kirke
 17011 | D:12     | Killed Kirke
 17090 | D:12     | Found Luqeupy's Book Shop.
 17111 | D:12     | Noticed Nessos
 17117 | D:12     | Killed Nessos
 17239 | D:12     | Found a staircase to the Orcish Mines.
 17259 | Orc:1    | Entered Level 1 of the Orcish Mines
 17423 | Orc:2    | Entered Level 2 of the Orcish Mines
 17423 | Orc:2    | Found a staircase to the Elven Halls.
 17469 | Orc:2    | Found Ijorghel's Self-Improvement Boutique.
 17565 | Orc:2    | Lost mutation: You have a pair of large horns on your head.
                  | [Jiyva's grace]
 17565 | Orc:2    | Lost mutation: You are mostly covered in iridescent scales.
                  | (AC +4) [Jiyva's grace]
 17565 | Orc:2    | Lost mutation: You have supernaturally acute eyesight.
                  | (SInv) [Jiyva's grace]
 17565 | Orc:2    | Lost mutation: Your flesh is almost immune to the effects
                  | of heat. (rF+++) [Jiyva's grace]
 17565 | Orc:2    | Lost mutation: Your movements are significantly less
                  | encumbered by armour. (ER -6) [Jiyva's grace]
 17565 | Orc:2    | Gained mutation: You have sharp fingernails. [Jiyva's
                  | grace]
 17565 | Orc:2    | Gained mutation: You have very sharp fingernails. [Jiyva's
                  | grace]
 17565 | Orc:2    | Gained mutation: You have claws for hands. [Jiyva's grace]
 17565 | Orc:2    | Gained mutation: You have hidden genetic potential.
                  | [Jiyva's grace]
 17693 | Orc:2    | Found Fabren's Antique Armour Boutique.
 17772 | Orc:2    | Found Adeadi's Antique Armour Shop.
 17772 | Orc:2    | Found Raru's Armour Emporium.
 17775 | Orc:2    | Found Kaotuc's Antique Armour Shop.
 17775 | Orc:2    | Found Iniuch's Armour Emporium.
 17776 | Orc:2    | Reached skill level 15 in Shields
 18252 | D:11     | Noticed Maurice
 18256 | D:11     | Killed Maurice
 18398 | Swamp:1  | Entered Level 1 of the Swamp
 18633 | Swamp:2  | Identified the +12 plate armour "Xuhoh" {Stlth+}
 18640 | Swamp:2  | Gained mutation: You are occasionally teleported next to
                  | monsters. [mutagenic glow]
 18722 | Swamp:2  | Reached skill level 10 in Throwing
 18790 | Swamp:3  | Reached skill level 20 in Fighting
 18804 | Swamp:4  | Entered Level 4 of the Swamp
 18814 | Swamp:4  | Noticed a tentacled monstrosity
 18825 | Swamp:3  | Killed a tentacled monstrosity
 18913 | Swamp:4  | Reached XP level 18. HP: 175/178 MP: 17/17
 19027 | Swamp:4  | Found a blossoming altar of Fedhas.
 19062 | Swamp:4  | Gained mutation: You have large cloven feet. [hidden
                  | potential]
 19076 | Swamp:4  | Found a basalt altar of Yredelemnul.
 19117 | Swamp:4  | Got a mossy gem with 1125 turns to spare
 19142 | Swamp:4  | Got a decaying rune of Zot
 19329 | D:10     | Noticed Sonja
 19337 | D:10     | Killed Sonja
 19630 | Depths:1 | Entered Level 1 of the Depths
 19631 | Depths:1 | Found a one-way gate to the infinite horrors of the Abyss.
 19818 | Depths:1 | Found a transporter.
 19818 | Depths:1 | Found a transporter.
 19827 | Depths:1 | Found Fafol's Antique Weapon Boutique.
 19844 | Depths:1 | Found Vaterch's Jewellery Shop.
 20027 | Depths:1 | Found a transporter.
 20029 | Depths:1 | Lost mutation: You have claws for hands. [Jiyva's grace]
 20029 | Depths:1 | Lost mutation: You are occasionally teleported next to
                  | monsters. [Jiyva's grace]
 20029 | Depths:1 | Lost mutation: Your movements are less encumbered by
                  | armour. (ER -4) [Jiyva's grace]
 20029 | Depths:1 | Gained mutation: You are mostly covered in iridescent
                  | scales. (AC +4) [Jiyva's grace]
 20029 | Depths:1 | Gained mutation: You are completely covered in iridescent
                  | scales. (AC +6) [Jiyva's grace]
 20029 | Depths:1 | Gained mutation: You are covered in fur. (AC +1) [Jiyva's
                  | grace]
 20029 | Depths:1 | Gained mutation: You are covered in thick fur. (AC +2)
                  | [Jiyva's grace]
 20163 | Depths:1 | Found a transporter.
 20408 | Depths:2 | Reached skill level 21 in Fighting
 20500 | Depths:2 | Found Oromouc's Tremendous Tomes.
 20530 | Depths:2 | Found a one-way gate leading to the halls of Pandemonium.
 20607 | Depths:2 | Reached XP level 19. HP: 164/189 MP: 18/18
 20964 | Depths:2 | Found a glowing golden altar of the Shining One.
 20964 | Depths:2 | Found a glowing silver altar of Zin.
 20964 | Depths:2 | Found a white marble altar of Elyvilon.
 21134 | Depths:2 | Gained mutation: You are highly strong-willed. (Will++)
                  | [hidden potential]
 21134 | Depths:2 | Lost mutation: You have hidden genetic potential. [hidden
                  | potential expressed]
 21193 | Depths:2 | Noticed a bone dragon
 21201 | Depths:2 | Killed a bone dragon
 21331 | Depths:2 | Identified the +1 pair of boots of Cowardice {Harm rN+
                  | SInv}
 21433 | Depths:3 | Noticed a golden dragon
 21444 | Depths:3 | Killed a golden dragon
 21533 | Depths:3 | Reached skill level 15 in Armour
 21535 | Depths:3 | Lost mutation: You are completely covered in iridescent
                  | scales. (AC +6) [Jiyva's grace]
 21535 | Depths:3 | Lost mutation: You are highly strong-willed. (Will++)
                  | [Jiyva's grace]
 21535 | Depths:3 | Gained mutation: Your body has grown eyes which may confuse
                  | attackers. (Acc +3) [Jiyva's grace]
 21535 | Depths:3 | Gained mutation: Your body has grown many eyes which may
                  | confuse attackers. (Acc +5) [Jiyva's grace]
 21535 | Depths:3 | Gained mutation: Your body is covered in eyes which may
                  | confuse attackers. (Acc +7, SInv) [Jiyva's grace]
 21535 | Depths:3 | Gained mutation: You have a somewhat thin skeletal
                  | structure. (Dex +2, Stealth+) [Jiyva's grace]
 21662 | Depths:3 | Noticed Vv
 21684 | Depths:3 | HP: 5/191 [fire giant/bolt of fire (6)]
 21821 | Depths:3 | Killed Vv
 22028 | Depths:3 | Noticed a golden dragon
 22149 | Depths:2 | Killed a golden dragon
 22474 | Depths:3 | Noticed a juggernaut
 22486 | Depths:3 | Killed a juggernaut
 22489 | Depths:3 | Reached skill level 22 in Fighting
 22492 | Depths:3 | Reached XP level 20. HP: 177/200 MP: 19/19
 22523 | Depths:3 | Identified the +2 robe of Siletuagg {Rampage rC- rN+}
 22539 | Depths:3 | Noticed a juggernaut
 22567 | Depths:3 | Killed a juggernaut
 22691 | Depths:3 | Noticed a golden dragon
 22705 | Depths:3 | Killed a golden dragon
 22723 | Depths:3 | Noticed a golden dragon
 22757 | Depths:3 | Killed a golden dragon
 22830 | Depths:3 | Identified the ring "Ikuoroliwk" {Ice rPois rCorr Dex+3}
 22929 | Depths:4 | Entered Level 4 of the Depths
 22989 | Depths:4 | Found a one-way gateway to a ziggurat.
 23237 | Depths:4 | Noticed a golden dragon
 23255 | Depths:4 | Killed a golden dragon
 23290 | Depths:4 | Noticed a golden dragon
 23297 | Depths:4 | Killed a golden dragon
 23494 | Depths:4 | Lost mutation: You are mostly covered in iridescent scales.
                  | (AC +4) [Jiyva's grace]
 23494 | Depths:4 | Lost mutation: You are covered in thick fur. (AC +2)
                  | [Jiyva's grace]
 23494 | Depths:4 | Lost mutation: Your body is covered in eyes which may
                  | confuse attackers. (Acc +7, SInv) [Jiyva's grace]
 23494 | Depths:4 | Lost mutation: Your body has grown many eyes which may
                  | confuse attackers. (Acc +5) [Jiyva's grace]
 23494 | Depths:4 | Lost mutation: Your body has grown eyes which may confuse
                  | attackers. (Acc +3) [Jiyva's grace]
 23494 | Depths:4 | Gained mutation: You are somewhat resistant to further
                  | mutation. [Jiyva's grace]
 23494 | Depths:4 | Gained mutation: You are somewhat resistant to both further
                  | mutation and mutation removal. [Jiyva's grace]
 23494 | Depths:4 | Gained mutation: You are almost entirely resistant to
                  | further mutation and mutation removal. [Jiyva's grace]
 23494 | Depths:4 | Gained mutation: Your pliable body absorbs attacks. (AC +2,
                  | EV +2) [Jiyva's grace]
 23609 | Depths:4 | Identified the +11 plate armour of the Shrike {rCorr}
 23636 | Depths:4 | Reached XP level 21. HP: 202/210 MP: 20/20
 23643 | Depths:4 | Found Tuacvech's Distillery.
 23646 | Depths:4 | Bought a potion of cancellation for 168 gold pieces
 23646 | Depths:4 | Bought a potion of curing for 63 gold pieces
 23646 | Depths:4 | Bought a potion of curing for 63 gold pieces
 23646 | Depths:4 | Bought 2 potions of enlightenment for 210 gold pieces
 23646 | Depths:4 | Bought a potion of heal wounds for 105 gold pieces
 23646 | Depths:4 | Bought 2 potions of curing for 126 gold pieces
 23807 | Depths:4 | Identified the +9 great mace of Ruination {vamp, Int+6}
 23938 | Depths:4 | Reached skill level 23 in Fighting
 24210 | Depths:4 | Found a gate to the Realm of Zot.
 24224 | Depths:4 | Got the Directory of Necrotic Astrapomancy
 24249 | Zot:1    | Entered Level 1 of the Realm of Zot
 24356 | Zot:2    | Noticed a golden dragon
 24381 | Zot:2    | Killed a golden dragon
 24787 | Zot:1    | Noticed a curse toe
 24798 | Zot:1    | Killed a curse toe
 24873 | Zot:1    | Noticed a golden dragon
 24883 | Zot:1    | Killed a golden dragon
 24930 | Zot:1    | Reached skill level 15 in Throwing
 25204 | Zot:1    | Lost mutation: You have large cloven feet. [Jiyva's grace]
 25204 | Zot:1    | Lost mutation: You possess an exceptional clarity of mind.
                  | [Jiyva's grace]
 25204 | Zot:1    | Lost mutation: You are strong-willed. (Will+) [Jiyva's
                  | grace]
 25204 | Zot:1    | Lost mutation: You are covered in fur. (AC +1) [Jiyva's
                  | grace]
 25204 | Zot:1    | Gained mutation: You possess an exceptional clarity of
                  | mind. [Jiyva's grace]
 25204 | Zot:1    | Gained mutation: You have an increased reservoir of magic.
                  | (+10% MP) [Jiyva's grace]
 25204 | Zot:1    | Gained mutation: You have a considerably increased
                  | reservoir of magic. (+20% MP) [Jiyva's grace]
 25204 | Zot:1    | Gained mutation: You have a greatly increased reservoir of
                  | magic. (+30% MP) [Jiyva's grace]
 25502 | Zot:3    | Noticed a golden dragon
 25522 | Zot:3    | Killed a golden dragon
 25599 | Zot:3    | Reached XP level 22. HP: 174/222 MP: 27/27
 25648 | Zot:3    | Noticed a golden dragon
 25660 | Zot:3    | Killed a golden dragon
 26033 | Zot:4    | Noticed a golden dragon
 26048 | Zot:4    | Killed a golden dragon
 26062 | Zot:4    | Noticed a curse toe
 26072 | Zot:4    | Killed a curse toe
 26078 | Zot:4    | Noticed a Killer Klown
 26103 | Zot:4    | Killed a Killer Klown
 26298 | Zot:4    | Reached skill level 24 in Fighting
 26384 | Zot:5    | Entered Level 5 of the Realm of Zot
 26485 | Zot:5    | Noticed a curse toe
 26494 | Zot:5    | Killed a curse toe
 26722 | Zot:5    | Noticed an ancient lich
 26734 | Zot:5    | Noticed an ancient lich
 26741 | Zot:5    | Noticed a dread lich
 26745 | Zot:5    | Noticed an orb of fire
 26748 | Zot:5    | Noticed a dread lich
 26748 | Zot:5    | Noticed an orb of fire
 26753 | Zot:5    | Noticed a dread lich
 26772 | Zot:5    | Noticed an orb of fire
 26772 | Zot:5    | Killed an ancient lich
 26995 | Zot:5    | Killed a dread lich
 27008 | Zot:5    | Killed an orb of fire
 27087 | Zot:5    | Killed an orb of fire
 27133 | Zot:5    | Noticed a Killer Klown
 27144 | Zot:5    | Killed a dread lich
 27153 | Zot:5    | Killed a Killer Klown
 27154 | Zot:5    | Reached XP level 23. HP: 232/232 MP: 9/28
 27204 | Zot:5    | Noticed an ancient lich
 27205 | Zot:5    | Noticed a dread lich
 27220 | Zot:5    | Killed a dread lich
 27224 | Zot:5    | Noticed an orb of fire
 27229 | Zot:5    | Killed an ancient lich
 27253 | Zot:5    | Noticed an ancient lich
 27279 | Zot:5    | Killed an orb of fire
 27384 | Zot:5    | Killed a dread lich
 27390 | Zot:5    | Killed an orb of fire
 27453 | Zot:5    | Noticed a dread lich
 27464 | Zot:5    | Killed a dread lich
 27484 | Zot:5    | Noticed an ancient lich
 27499 | Zot:5    | Killed an ancient lich
 27504 | Zot:5    | Killed an ancient lich
 27580 | Zot:5    | Noticed a Killer Klown
 27620 | Zot:5    | Killed a Killer Klown
 27655 | Zot:5    | Noticed a dread lich
 27674 | Zot:5    | Killed a dread lich
 27832 | Zot:5    | Reached skill level 25 in Fighting
 27835 | Zot:5    | Noticed an orb of fire
 28137 | Zot:5    | Killed an orb of fire
 28362 | Zot:5    | Noticed an ancient lich
 28380 | Zot:5    | Killed an ancient lich
 28406 | Zot:5    | Killed an ancient lich
 28449 | Zot:5    | Lost mutation: You have a somewhat thin skeletal structure.
                  | (Dex +2, Stealth+) [Jiyva's grace]
 28449 | Zot:5    | Lost mutation: Your flesh is very heat resistant. (rF++)
                  | [Jiyva's grace]
 28449 | Zot:5    | Lost mutation: You have a greatly increased reservoir of
                  | magic. (+30% MP) [Jiyva's grace]
 28449 | Zot:5    | Lost mutation: You are almost entirely resistant to further
                  | mutation and mutation removal. [Jiyva's grace]
 28449 | Zot:5    | Lost mutation: Your movements are slightly less encumbered
                  | by armour. (ER -2) [Jiyva's grace]
 28449 | Zot:5    | Gained mutation: You have sharp toenails. [Jiyva's grace]
 28449 | Zot:5    | Gained mutation: You have razor-sharp toenails. [Jiyva's
                  | grace]
 28449 | Zot:5    | Gained mutation: You have claws for feet. [Jiyva's grace]
 28449 | Zot:5    | Gained mutation: Your translucent skin slightly reduces
                  | your foes' accuracy. (Stealth+) [Jiyva's grace]
 28488 | Zot:5    | Got the Orb of Zot
 28631 | Depths:4 | Noticed Faurchoa the pandemonium lord
 28643 | Depths:4 | Killed Faurchoa the pandemonium lord
 28733 | Depths:1 | Noticed Fuenoas the pandemonium lord
 29096 | D:4      | Noticed Motinost the pandemonium lord
 29233 | D:$      | Escaped with the Orb!

Illustrated notes

Levels and vault maps discovered:
D:1:      moated_graveyard_arrival, layout_basic
D:2:      layout_basic
D:3:      layout_rooms, grunt_dithmenos_smoke_and_mirrors,
          mainiacjoe_sewer_entry_somewhere_in_here_2
D:4:      layout_gridville, nicolae_overflow_hidden_temple, uniq_ijyb,
          uniq_duvessa
D:5:      layout_loops_ring, fedhas_altar_fruit_tree
D:6:      kb_forest_paths, layout_loops_ring, gammafunk_ghost_nasty_kobolds,
          uniq_pikel
D:7:      nzn_winding_woodlands_three_and_one
          [nzn_winding_woodlands_5x15_concentric,
          nzn_winding_woodlands_5x15_garden, nzn_winding_woodlands_5x15_twine,
          nzn_winding_woodlands_center_pierced_h], layout_loops_ring,
          bloody_makhleb, regret_index_xom_buried_treasure,
          minmay_temple_entry_butterflies, uniq_crazy_yiuf_cottage
D:8:      gammafunk_boulding_lane, layout_loops_ring, enter_bailey_2,
          serial_shops, shop
D:9:      layout_long_grid
D:10:     layout_basic, erik_lair_island, lightli_elemental_guards, uniq_sonja,
          uniq_joseph
D:11:     minmay_the_grid_square_5x5_4x4_mashed
          [minmay_the_grid_square_5x5_two_walls_a,
          minmay_the_grid_square_5x5_checkered_statues,
          minmay_the_grid_square_5x5_pentomino_r,
          minmay_the_grid_square_5x5_inset, minmay_the_grid_square_5x5_plus,
          minmay_the_grid_square_5x5_prize_snowflake,
          minmay_the_grid_square_5x5_prize_open,
          minmay_the_grid_square_5x5_bridge, minmay_the_grid_square_5x5_bite,
          minmay_the_grid_square_5x5_prize_open,
          minmay_the_grid_square_5x5_prize_gold,
          minmay_the_grid_square_5x5_beaten_path,
          minmay_the_grid_square_5x5_three_walls,
          minmay_the_grid_square_5x5_longway,
          minmay_the_grid_square_5x5_tetrominoes,
          minmay_the_grid_square_5x5_minibox], layout_basic, uniq_maurice
D:12:     layout_loops_cross, hiddenorc1_lemuel, serial_shops,
          nicolae_inconvenience_store, uniq_kirke, uniq_nessos
D:13:     layout_stronghold, hellmonk_vaults_attempted_burglary,
          gauntlet_entry_generic, dreamdust_wasp_nest
D:14:     layout_cave_pools, minmay_crystal_room, grunt_gozag_statues
D:15:     grunt_enter_depths_magical_seal, layout_irregular_city,
          elyvilon_altar_4, uniq_roxanne
Temple:   eino_wide_crystal_templ
Lair:1:   layout_hall_layers, serial_bayou_shore_b, uniq_nergalle, uniq_harold
Lair:2:   minmay_guarded_unrand_snakebite, layout_loops_ring,
          palyth_hydra_swamp_entry, nicolae_snake_entry_warm_welcome
Lair:3:   dragon1_lemuel, layout_misc_corridors, gammafunk_ghost_arena
Lair:4:   layout_cave_shapes, portal_ice_cave_rime, fungi_pond_lemuel,
          st_stairs_10
Lair:5:   evil_forest, layout_layer_cave, slime_entry_1, grunt_megastairs_3
Swamp:1:  layout_falls_marsh, evilmike_swamp_ruin_house_1
Swamp:2:  layout_basic_swamp, evilmike_swamp_ruin_house_5, swamp_pool_1_2,
          nicolae_swamp_soggy_hallways
Swamp:3:  nicolae_swamp_phyte_club, layout_falls_marsh,
          nicolae_swamp_round_clearing, nicolae_swamp_tree_designs
Swamp:4:  byrel_swamp_growth_death_and_undeath, layout_basic_swamp,
          infiniplex_staircase_pool_2
Snake:1:  layout_misc_corridors, grunt_ministairs_3,
          nicolae_twisty_statue_hallways
Snake:2:  layout_basic, serial_shops, shop_coins, shop,
          nicolae_shop_behind_doors, shop, shop, hangedman_snake_corridor_split,
          uniq_nikola
Snake:3:  layout_rooms, uniq_vashnia, uniq_azrael
Snake:4:  snake_pit_salamanders_mu, layout_misc_corridors,
          nicolae_snake_linked_coils, uniq_donald
Slime:1:  layout_caves
Slime:2:  layout_caves
Slime:3:  layout_caves
Slime:4:  layout_caves, basic_altar
Slime:5:  slime_pit_nicolae_amoeboid
Orc:1:    layout_diamond_mine, uniq_gastronok
Orc:2:    grunt_orc_tribal_feast, layout_caves, serial_shops,
          nicolae_shop_waterfront, nicolae_shop_self_help
Depths:1: layout_cave_pools, nicolae_abyss_entry_one_way_or_another,
          grunt_hell_entry_dis_old, minmay_fountain_box,
          nicolae_diode_intersection, minmay_shoptagon
Depths:2: minmay_skeleton_keep, layout_long_grid, pan_entry, abyss_entry,
          hell_entry, good_gods_mini_temple, kennysheep_flooded_box,
          nicolae_shop_i_like_big_books, kennysheep_generic_room_4
Depths:3: grunt_bent_corner, layout_cave_pools, abyss_entry,
          infiniplex_staircase_pillars_1, hell_entry, kennysheep_cross_room,
          st_stairs_11, grunt_ministairs_2, uniq_vv
Depths:4: lemuel_castle_with_subvaults [lemuel_castle_interior_carwin_2],
          layout_gridlike, enter_ziggurat_c, hangedman_tar_grid_catacomb,
          abyss_entry_small_statue_room, serial_shops,
          nicolae_shop_behind_doors, minmay_misc_feat_four_crosses
Zot:1:    layout_onion, zot_minivault_7
Zot:2:    layout_cathedral_of_symmetry
Zot:3:    ebering_greatest_show_in_zot, layout_misc_corridors,
          hangedman_zot_decor_unnerving_road
Zot:4:    layout_cellular_growth, regret_index_zotdec_twisting_globes
Zot:5:    layout_misc_corridors, drop_trap

Skill      XL: |  1  2  3  4  5  6  7  8  9 10 11 12 13 14 15 16 17 18 19 20 21 22 23 |
---------------+----------------------------------------------------------------------+-----
Axes           | 3 4 5 7 10 11 13 16 17 18 19 20 21 22 | 22.4
Fighting       | 4 5 6 7 8 10 12 13 14 15 16 18 19 20 21 22 23 24 25 | 25.3
Armour         | 4 5 7 10 12 14 15 16 18 19 20 | 20.4
Polearms       | 5 8 10 | 10.5
Shields        | 6 7 11 13 14 16 17 18 19 20 21 22 | 22.5
Evocations     | 3 7 10 11 | 11.2
Dodging        | 2 6 8 |  8.7
Throwing       | 2 6 8 10 11 13 14 15 16 17 | 17.3

Action                     |  1- 3 |  4- 6 |  7- 9 | 10-12 | 13-15 | 16-18 | 19-21 | 22-24 || total
---------------------------+-------+-------+-------+-------+-------+-------+-------+-------++-------
  Melee: War axe           |    70 |   159 |   184 |   115 |       |       |       |       ||   528
         Headbutt          |    12 |    20 |    25 |    79 |   149 |   256 |   343 |   205 ||  1089
         Halberd           |       |       |       |   336 |   311 |       |       |       ||   647
         Bite              |       |       |       |    28 |    89 |   144 |   215 |   123 ||   599
         Broad axe         |       |       |       |       |   499 |  1065 |  1106 |   733 ||  3403
         Kick              |       |       |       |       |       |     8 |       |    27 ||    35
  Throw: Throwing net      |       |       |     2 |     2 |       |     1 |       |       ||     5
         Boomerang         |       |       |       |       |     3 |    35 |     1 |    20 ||    59
         Javelin           |       |       |       |       |       |       |     1 |     7 ||     8
         Dart              |       |       |       |       |       |       |       |     2 ||     2
 Invoke: Oozemancy         |       |       |     1 |     1 |     1 |     3 |     7 |    10 ||    23
  Evoke: Wand              |       |       |     9 |     7 |     3 |     4 |     3 |    16 ||    42
         Phantom mirror    |       |       |       |       |       |     1 |     1 |       ||     2
    Use: Potion            |       |       |     1 |       |     2 |     5 |     2 |    15 ||    25
         Scroll            |       |       |     6 |     1 |    12 |    16 |     6 |     7 ||    48
   Stab: Held in net/web   |       |       |     1 |       |       |       |       |       ||     1
         Paralysed         |       |       |       |    13 |     8 |       |       |       ||    21
         Petrified         |       |       |       |       |       |     2 |       |       ||     2
         Confused          |       |       |       |       |       |     1 |    15 |       ||    16
         Distracted        |       |       |       |       |       |       |     4 |       ||     4
         Fleeing           |       |       |       |       |       |       |     1 |       ||     1
 Armour: Scale mail        |    36 |       |       |       |       |       |       |       ||    36
         Ring mail         |    11 |   105 |   119 |   217 |   387 |   315 |       |       ||  1154
         Plate armour      |       |       |       |       |       |   218 |   717 |   325 ||  1260
         Skin              |       |       |       |       |       |       |       |    29 ||    29
  Dodge: Dodged            |    41 |    66 |   126 |   517 |   419 |   466 |   571 |   260 ||  2466
  Block: Buckler           |    12 |    38 |    24 |    49 |       |       |       |       ||   123
         Kite shield       |       |       |       |       |   107 |       |       |       ||   107
         Reflection        |       |       |       |       |    17 |       |       |       ||    17
         Tower shield      |       |       |       |       |   196 |  1145 |  1349 |   694 ||  3384
